 Dungeon Crawl Stone Soup version 0.29.0-4-gdea44cf6ec (webtiles) character file.

Game seed: 6355743223719648152

19 qw the Chopper (level 2, 0/17 HPs)
             Began as a Tengu Warper on Aug 28, 2022.
             Succumbed to their own poison gas
             ... on level 1 of the Dungeon.
             The game lasted 00:00:03 (672 turns).

qw the Chopper (Tengu Warper)                        Turns: 672, Time: 00:00:04

Health: 0/17       AC:  3    Str: 11    XL:     2   Next: 75%
Magic:  6/6        EV: 11    Int: 13    God:
Gold:   33         SH:  0    Dex: 13    Spells: 5/5 levels left

rFire   . . .      SeeInvis .   Y - +0 hand axe
rCold   . . .      Faith    .   (no shield)
rNeg    . . .      Spirit   .   b - +0 leather armour
rPois   .          Reflect  .   (helmet restricted)
rElec   .          Harm     .   (no cloak)
rCorr   .          Rampage  .   (no gloves)
Will    .....                   (boots unavailable)
Stlth   +.........              (no amulet)
HPRegen 0.05/turn               (no ring)
MPRegen 0.10/turn               (no ring)

@: mighty, lethally poisoned (0 -> -10), weak-willed
A: beak, talons 3
a: no special abilities


You were on level 1 of the Dungeon.
You visited 1 branch of the dungeon, and saw 1 of its levels.

You collected 33 gold pieces.


Innate Abilities, Weirdness & Mutations

You have a beak for a mouth.
You have claws for feet.


   Skills:
 - Level 2.0 Fighting
 + Level 3.5 Axes
 - Level 1.0 Throwing
 - Level 1.1 Armour
 - Level 2.1 Dodging
 - Level 2.0 Spellcasting
 - Level 2.4 Translocations


You had 5 spell levels left.
You didn't know any spells.
Your spell library contained the following spells:

 Spells                   Type           Power      Damage    Failure   Level
 Blink                    Tloc           14%        N/A       19%         2
 Gell's Gravitas          Tloc           7%         N/A       36%         3
 Lesser Beckoning         Tloc           7%         N/A       36%         3
 Teleport Other           Tloc           7%         N/A       36%         3
 Manifold Assault         Tloc           7%         N/A       98%         5

Inventory:

Hand Weapons
 j - a +0 whip
 Y - a +0 hand axe (weapon)
Armour
 b - a +0 leather armour (worn)
Potions
 e - a potion of berserk rage {unknown}
 f - 2 potions of might
 l - a potion of haste {unknown}

Dungeon Overview and Level Annotations

Branches:
Dungeon (1/15)

Altars:


Message History

Done exploring.
663 ||| READING scroll labelled CINUTE MENG.
As you read the scroll labelled CINUTE MENG, it crumbles to dust.
It is a scroll of identify.
Really abort (and waste the scroll)?
Done exploring.
664 ||| READING 2 scrolls labelled WYZOW WEWIUPN.
As you read the scroll labelled WYZOW WEWIUPN, it crumbles to dust.
You assume a fearsome visage.
Nothing appears to happen.
It was a scroll of fear.
Done exploring.
665 ||| DRINKING 3 bubbling yellow potions.
It was a potion of might.
You feel very mighty all of a sudden.
Done exploring.
666 ||| DROPPING scroll of vulnerability.
You drop a scroll of vulnerability.
Done exploring.
667 ||| DROPPING scroll of blinking.
You drop a scroll of blinking.
Done exploring.
668 ||| DROPPING 2 scrolls of poison.
You drop 2 scrolls of poison.
Done exploring.
669 ||| DROPPING scroll of fear.
You drop a scroll of fear.
Done exploring.
(D) Dungeon
Where to? (* - list waypoints, ? - help)
What level of the Dungeon? (default 1, ? - help) Sorry, I don't know how to get there.
Done exploring.
670 ||| Stepping randomly (stuck).
Really walk into that cloud of poison gas?
You are engulfed in poison gas.
You are poisoned.
Ouch! That really hurt!
You feel very sick.
671 ||| Stepping ~*~*~tactically~*~*~ (cloud).
You feel sick.
Items here: = ????.
There is a lethal amount of poison in your body!
You die...

### #.. ############
#.. #.0¤0¤0¤¤00# #..
#.00¤00¤¤@¤# ###..
#.¤¤0¤¤.00¤# ##....
#.¤00¤0.00¤# #..#..
#.¤.0¤0¤¤¤.#
###.##..
#.000¤0¤¤¤.#
#...#...
#######¤####
#.....## #¤.#####
#..##.##
##.....######..##..#
###..........###...


There were no monsters in sight!

Vanquished Creatures
  A dart slug (D:1)
  2 ball pythons (D:1)
  A bat (D:1)
  4 endoplasms (D:1)
  2 goblins (D:1)
  A hobgoblin (D:1)
  A quokka (D:1)
  A frilled lizard (D:1)
  2 rats (D:1)
15 creatures vanquished.

Notes
Turn   | Place    | Note
-------+----------+-------------------------------------------
     0 | D:1      | qw the Tengu Warper began the quest for the Orb.
     0 | D:1      | Reached XP level 1. HP: 12/12 MP: 4/4
     0 | D:1      | 0 ||| qw: Version: 0.1-a-89-g26bdef1
     0 | D:1      | 0 ||| qw: Game counter: 1107
     0 | D:1      | 0 ||| qw: Always use a shield: true
     0 | D:1      | 0 ||| qw: God list: Okawaru
     0 | D:1      | 0 ||| qw: Allow faded altars: false
     0 | D:1      | 0 ||| qw: Do Orc after D:15 true
     0 | D:1      | 0 ||| qw: Do second Lair branch before Depths: true
     0 | D:1      | 0 ||| qw: Lair rune preference: random
     0 | D:1      | 0 ||| qw: Plans: Normal
     0 | D:1      | 0 ||| PLANNING D:1-11
    52 | D:1      | 52 ||| Stepping ~*~*~tactically~*~*~ (stealth).
   103 | D:1      | 103 ||| DROPPING +0 club.
   175 | D:1      | Reached XP level 2. HP: 17/17 MP: 6/6
   189 | D:1      | Reached skill level 3 in Axes
   217 | D:1      | 217 ||| Stepping ~*~*~tactically~*~*~ (stealth).
   223 | D:1      | HP: 3/17 [frozen (3)]
   660 | D:1      | 660 ||| DROPPING +6 ring of intelligence.
   661 | D:1      | 661 ||| READING 2 scrolls labelled DARISY IFEMIZI.
   662 | D:1      | 662 ||| READING 3 scrolls labelled TUQAAG XAUKHAWK.
   663 | D:1      | 663 ||| READING scroll labelled CINUTE MENG.
   664 | D:1      | 664 ||| READING 2 scrolls labelled WYZOW WEWIUPN.
   665 | D:1      | 665 ||| DRINKING 3 bubbling yellow potions.
   666 | D:1      | 666 ||| DROPPING scroll of vulnerability.
   667 | D:1      | 667 ||| DROPPING scroll of blinking.
   668 | D:1      | 668 ||| DROPPING 2 scrolls of poison.
   669 | D:1      | 669 ||| DROPPING scroll of fear.
   670 | D:1      | 670 ||| Stepping randomly (stuck).
   670 | D:1      | HP: 4/17 [poisoned by you (poison gas)]
   671 | D:1      | 671 ||| Stepping ~*~*~tactically~*~*~ (cloud).
   672 | D:1      | Succumbed to their own poison gas

Levels and vault maps discovered:
D:1:      lightli_arrival_maybe_door_vault, layout_rooms

Skill      XL: |  1  2 |
---------------+-------+-----
Axes           | 3 |  3.5
Fighting       | |  2.0
Throwing       | |  1.0
Armour         | |  1.1
Dodging        | |  2.1
Spellcasting   | |  2.0
Translocations | |  2.4

Action                   || total
-------------------------++-------
Melee: Hand axe          ||    19
       Kick              ||     5
       Peck              ||     3
       Punch             ||     1
Throw: Boomerang         ||    13
  Use: Scroll            ||     4
       Potion            ||     1
Dodge: Dodged            ||     4

Table legend:
 A = Non-vault XP
 B = Vault XP
 C = Vault XP percentage of total XP
 D = Non-vault monster count
 E = Vault monster count
 F = Vault count percentage of total count
                 A         B        C        D         E       F
            +---------+---------+-------+---------+---------+-------
      Total |      28 |       0 |   0.0 |      15 |       0 |   0.0
            +---------+---------+-------+---------+---------+-------
        D:1 |      28 |       0 |   0.0 |      15 |       0 |   0.0
            +---------+---------+-------+---------+---------+-------
